 Dungeon Crawl Stone Soup version 0.27.0-1-g7a089689b8 (webtiles) character file.

Game seed: 3372115764733896667

348134 kuniqs the Peltast (level 22, -25/123 HPs)
             Began as a Vine Stalker Berserker on Aug 4, 2021.
             Was a Follower of Uskayaw.
             Killed from afar by a hellephant (79 damage)
             ... with a blast of flame
             ... on level 4 of the Vaults.
             The game lasted 00:51:20 (33322 turns).

kuniqs the Peltast (Vine Stalker Berserker)        Turns: 33322, Time: 00:51:20

Health: -25/123    AC: 36    Str: 28    XL:     22   Next: 49%
Magic:  0/33       EV: 20    Int:  9    God:    Uskayaw [*.....]
Gold:   1592       SH: 37    Dex: 21    Spells: 21/21 levels left

rFire    . . .     SeeInvis +   T - +9 quick blade
rCold    + . .     Faith    .   I - +8 tower shield {rC+} {@q6}
rNeg     . . .     Spirit   +   p - +9 plate armour of the Desert {Rampage rPois}
rPois    +         Reflect  +   E - +2 helmet {SInv}
rElec    .         Harm     .   z - +2 cloak {Stlth+}
rCorr    .         Rampage  +   P - +0 pair of gloves "Xaheirae" {Dex+5}
Will     +++..                  Q - +0 pair of boots
Stlth    +.........             O - amulet "Fuel" {Reflect Will+ Int+2 SH+5}
HPRegen  1.30/turn              M - +4 ring of slaying
MPRegen  0.23/turn              L - +4 ring of evasion

@: about to teleport
A: fangs 3, regeneration 1, magic shield, antimagic bite, no potion heal 2
}: 1/15 runes: gossamer
a: Renounce Religion, Stomp


You were on level 4 of the Vaults.
You worshipped Uskayaw.
Uskayaw was pleased with you.
You visited 6 branches of the dungeon, and saw 32 of its levels.
You also visited: Ossuary, Gauntlet and Ice Cave.

You collected 3482 gold pieces.
You spent 1890 gold pieces at shops.

Inventory:

Hand Weapons
 T - a +9 quick blade (weapon)
Missiles
 J - 5 throwing nets (quivered)
Armour
 i - the +2 hat of Wogiek {-Cast rF+ Will++ rCorr}
   (You found it on level 2 of the Vaults)

   rF:        It protects you from fire.
   -Cast:     It prevents spellcasting.
   rCorr:     It protects you from acid and corrosion.
   Will:      It greatly increases your willpower.
 p - the +9 plate armour of the Desert (worn) {Rampage rPois}
   (You bought it in a shop on level 2 of the Orcish Mines)

   rPois:     It protects you from poison.
   Rampage:   It bestows one free step when moving towards enemies.
 z - a +2 cloak of stealth (worn)
 E - a +2 helmet of see invisible (worn)
 I - a +8 tower shield of cold resistance (worn) {@q6}
 P - the +0 pair of gloves "Xaheirae" (worn) {Dex+5}
   (You found it in a Gauntlet)

   Dex:       It affects your dexterity (+5).
 Q - a +0 pair of boots (worn)
 R - +2 pearl dragon scales {@q6}
Jewellery
 F - a ring of flight
 L - a +4 ring of evasion (right hand)
 M - a +4 ring of slaying (left hand)
 O - the amulet "Fuel" (around neck) {Reflect Will+ Int+2 SH+5}
   (You found it in a Gauntlet)

   [amulet of reflection]

   It reflects blocked missile attacks.
   Int:       It affects your intelligence (+2).
   SH:        It affects your SH (+5).
   Will:      It increases your willpower.
 S - the ring "Icoamn" {rC+ rN++ Int+5 Dex-2, @q6}
   (You found it in an ice cave)

   [ring of protection from cold]

   Int:       It affects your intelligence (+5).
   Dex:       It affects your dexterity (-2).
   rC:        It protects you from cold.
   rN:        It greatly protects you from negative energy.
Wands
 a - a wand of iceblast (93)
 b - a wand of acid (19)
 j - a wand of flame (40)
 x - a wand of paralysis (12)
 y - a wand of polymorph (23)
 D - a wand of charming (25)
 K - a wand of digging (4)
 U - a wand of mindburst (35)
Scrolls
 c - 2 scrolls of enchant armour
 d - 6 scrolls of teleportation {@r2}
 h - 4 scrolls of summoning
 m - 5 scrolls of vulnerability
 t - a scroll of silence
 v - 2 scrolls of fear {@r4}
 w - 7 scrolls of fog {@r5}
 A - 3 scrolls of magic mapping {@q3}
 B - 6 scrolls of immolation
 N - 9 scrolls of identify {@r1}
 V - a scroll of blinking {@r3}
Potions
 e - 3 potions of berserk rage
 f - 7 potions of attraction
 g - 5 potions of haste {@q5}
 k - 3 potions of mutation
 l - 2 potions of ambrosia
 n - 17 potions of curing {@q1}
 o - a potion of invisibility {@q4}
 q - 11 potions of flight
 r - 2 potions of cancellation
 s - 2 potions of magic {@q3}
 u - 10 potions of lignification
 H - 5 potions of might


   Skills:
 + Level 15.4 Fighting
 - Level 8.0 Short Blades
 + Level 14.2 Armour
 + Level 15.6 Dodging
 - Level 8.0 Stealth
 * Level 18.8 Shields
 * Level 14.5 Invocations


You had 21 spell levels left.
You didn't know any spells.
Your spell library contained the following spells:

 Spells                   Type           Power      Damage    Failure   Level
 Apportation              Tloc           0%         N/A       99%         1
 Pain                     Necr           0%         1d4       99%         1
 Sandblast                Erth           0%         2d4       99%         1
 Corpse Rot               Necr/Air       N/A        N/A       100%        2
 Ensorcelled Hibernation  Hex/Ice        0%         N/A       100%        2
 Passwall                 Tmut/Erth      0%         N/A       100%        2
 Ignite Poison            Fire/Tmut/Pois 0%         N/A       100%        3
 Mephitic Cloud           Conj/Pois/Air  0%         N/A       100%        3
 Spider Form              Tmut/Pois      0%         N/A       100%        3
 Animate Armour           Summ/Erth      0%         N/A       100%        4
 Dispel Undead            Necr           0%         3d6       100%        4
 Agony                    Necr           0%         N/A       100%        5
 Alistair's Intoxication  Tmut/Pois      0%         N/A       100%        5
 Blade Hands              Tmut           0%         N/A       100%        5
 Bolt of Magma            Conj/Fire/Erth 0%         4d4       100%        5
 Excruciating Wounds      Necr           0%         N/A       100%        5
 Iskenderun's Battlesphe  Conj           0%         2d6       100%        5
 Lee's Rapid Deconstruct  Erth           0%         3d5*      100%        5
 Death Channel            Necr           0%         N/A       100%        6
 Invisibility             Hex            0%         N/A       100%        6
 Iron Shot                Conj/Erth      0%         9d1       100%        6
 Shadow Creatures         Summ           N/A        N/A       100%        6
 Spellforged Servitor     Conj/Summ      0%         N/A       100%        7


Dungeon Overview and Level Annotations

Branches:
Dungeon (15/15)            Temple (1/1) D:4            Lair (6/6) D:9
  Swamp (0/4) Lair:2       Spider (4/4) Lair:2        Slime (0/5) Lair:6
    Orc (2/2) D:9             Elf (0/3) Orc:2        Vaults (4/5) D:14
  Crypt (0/3) Vaults:3     Depths (0/5) D:15        Ossuary (visited)
  IceCv (visited)         Gauntlet (visited)

Altars:
Ashenzari
Cheibriados
Dithmenos
Elyvilon
Fedhas
Gozag
Hepliaklqana
Kikubaaqudgha
Makhleb
Nemelex Xobeh
Okawaru
Qazlal
Ru
Sif Muna
Trog
Uskayaw
Vehumet
Wu Jian
Xom
Yredelemnul
Zin
The Shining One
Jiyva

Shops:
D:10 *   D:13 [(?!*   D:15 =   Orc:2 ([*!*   Vaults:1 (

Portals:
Bazaar: Vaults:4
Trove: Vaults:2 (give +5 fire dragon scales)

Annotations:
D:3 2 runed translucent doors, murcat's ghost, amateur DESu
D:5 1 runed translucent door
D:6 3 runed translucent doors, Dennis261's ghost, amateur TrFi; Niezadowolencja's ghost, novice FoCj; Voldus's ghost, novice DDFi; floatboth's ghost, weakling DsDe; weresquid's ghost, novice MiGl
Lair:2 exclusion: 4 oklob plants
Lair:6 1 runed translucent door


Innate Abilities, Weirdness & Mutations

You have razor-sharp teeth.
Your natural rate of healing is unusually fast.
When hurt, damage is shared between your health and your magic reserves.
Your bite disrupts and absorbs the magic of your enemies.
Potions cannot restore your health.


Message History

You block the hellephant's attack. x2
The hellephant gores you but does no damage.
The hellephant is no longer sharing its pain.
You block the hell knight's attack. You block the hellephant's attack. x3
There is an open door here.
Things that are here:
a +2 long sword of flaming; a +0 plate armour You hit the hell knight.
Your bite misses the hell knight.
The hell knight is heavily wounded.
The hellephant breathes flames at you. The blast of flame hits you!!!!
Ouch! That really hurt!
You puncture the hell knight! You bite the hell knight.
The hell knight's magic leaks into the air.
You drain its magic.
You feel invigorated.
The hell knight is heavily wounded.
The hell knight is no longer sharing its pain.
You block the hell knight's attack.
As you read the scroll of teleportation {@r2}, it crumbles to dust.
You feel strangely unstable. You block the hellephant's attack.
The hellephant completely misses you.
The hellephant gores you but does no damage.
You block the hellephant's attack. The hellephant misses you.
The hellephant gores you but does no damage.
Aiming: Grand Finale
Press: ? - help, Shift-Dir - straight line, f - hellephant
Aim: a hellephant (lightly wounded)
The hellephant explodes violently!
The hell knight is hit by a flying piece of the hellephant!
You blow up the hellephant!
You can no longer merge with and destroy a victim.
You block the hellephant's attack. x3; You block the hell knight's attack.
The hell knight mumbles some strange words.
The hell knight seems to speed up.
You hit the hell knight but do no damage.
Your bite misses the hell knight. The hellephant breathes flames at you.
The blast of flame hits you!!!!
Ouch! That really hurt!
You die...

..##.# #..............#
.###.# #..............#
### ##.#.#
#..''''''''''..# ##.#
#..#### #..'++++++ '..#
##... ......#
#..'++'''++ '..###....
......# #..'++..$.+
'..##.#..> ......#
#..'+'.:..+ '..'.###..
#..#### #..'+'p)..+
'..'.# ##. ##.#?#
#..''@Y[..+ '..#.# ##
.###.# #..')')p+++
'..### ..##.#
#..')'+++++ '..# ...#.#
#..''''''''''..# #....#
#..............#######
##...#
#..............##.....
.....#
#############'###.....
###### #.......#.....
########
##########.......#.....


You could see a hellephant (catching breath) and 2 hell knights.

Vanquished Creatures
  Bai Suzhen (Spider:3)
  Margery (Vaults:3)
  Jory (Vaults:3)
  Arachne (Spider:4)
  Jorgrun (Orc:1)
  Rupert (D:15)
  A hellephant (Vaults:4)
  A lich (Vaults:2)
  The ghost of lawnmower the Severer, an adept MiFi (Spider:3)
  2 sphinxes
  A tengu reaver (Vaults:2)
  Donald (Orc:1)
  Aizul (Spider:2)
  4 ghost moths (Spider:4)
  2 orc warlords (Vaults:3)
  A fire giant (Vaults:3)
  15 vault wardens
  6 emperor scorpions
  A war gargoyle (Vaults:4)
  10 very ugly things
  21 ironbound preservers
  9 stone giants
  A deep elf annihilator (Vaults:3)
  9 dire elephants
  5 entropy weavers
  2 spark wasps
  A minotaur (Gauntlet)
  3 ettins
  12 vault guards (Vaults:4)
  11 yaktaur captains
  A rakshasa (D:15)
  2 great orbs of eyes
  Harold (Lair:2)
  6 ironbound thunderhulks
  12 hydras
  11 ironbound frosthearts
  5 catoblepae
  10 centaur warriors
  15 boulder beetles
  2 ogre magi (Orc:2)
  An anaconda (shapeshifter) (Gauntlet)
  14 two-headed ogres
  A deep troll shaman (Lair:6)
  The ghost of Cato the Destroyer, a journeyman DECj of Sif Muna (Lair:2)
  An orc high priest (Orc:1)
  7 dancing weapons (Spider:3)
  7 ironbound beastmasters
  5 tengu warriors
  15 death yaks
  A deep elf knight (Spider:2)
  17 hell knights
  A fire crab (shapeshifter) (D:14)
  Nergalle (Lair:1)
  A spectral emperor scorpion (Spider:3)
  An iron troll (Vaults:2)
  2 glowing orange brains (shapeshifter)
  74 deep trolls
  3 harpies (Vaults:1)
  7 lindwurms
  A tengu zombie (Vaults:4)
  7 orc knights
  16 wizards
  15 ironbound convokers
  2 bog bodies (Lair:2)
  A deep elf archer (Spider:2)
  2 deep elf pyromancers (D:14)
  A frost giant zombie (Vaults:4)
  An orc sorcerer (Orc:2)
  22 orb spiders
  50 ugly things
  An oklob plant (Lair:6)
  33 wolf spiders
  A wolf spider zombie (D:13)
  5 necromancers
  A manticore (D:12)
  15 cyclopes
  A sphinx skeleton (Vaults:1)
  A fire giant zombie (Vaults:4)
  A salamander (shapeshifter) (D:15)
  20 vault sentinels
  3 moths of wrath
  27 elephants
  5 black mambas
  2 gargoyles
  9 cane toads
  A naga mage (Vaults:2)
  An unseen horror (shapeshifter) (Gauntlet)
  An unseen horror (D:12)
  4 torpor snails
  An efreet (D:14)
  68 yaktaurs
  8 demonic crawlers
  A spark wasp simulacrum (Spider:3)
  A human skeleton (Vaults:1)
  A redback zombie (D:13)
  2 rime drakes
  17 komodo dragons
  3 tengu conjurers
  36 jumping spiders
  3 meliai (Spider:3)
  18 hornets
  18 polar bears
  21 trolls
  A spectral jumping spider (Spider:3)
  A hornet (shapeshifter) (Gauntlet)
  15 blink frogs
  A wolf spider simulacrum (Spider:3)
  Grinder (D:3)
  A sphinx simulacrum (Vaults:4)
  18 slime creatures
  4 dream sheep (Lair:5)
  A dream sheep (shapeshifter) (Vaults:4)
  2 spectral tarantellas (Spider:3)
  A raiju (Spider:2)
  A centaur simulacrum (D:14)
  3 meliai zombies
  4 flying skulls (Gauntlet)
  A redback (shapeshifter) (Gauntlet)
  4 wraiths
  87 redbacks
  A spriggan (shapeshifter) (Gauntlet)
  56 tarantellas
  41 yaks
  6 basilisks
  2 vampires
  An elf zombie (Vaults:1)
  A golden eye (shapeshifter) (Gauntlet)
  3 wyverns
  10 vampire mosquitoes
  A redback simulacrum (Spider:3)
  3 steam dragons
  Edmund (D:4)
  3 wargs
  Menkaure (D:5)
  A swamp worm (Lair:2)
  A human zombie (Vaults:1)
  An acid dragon (D:10)
  Duvessa (D:7)
  17 water moccasins
  19 orc warriors
  3 sky beasts
  A tarantella simulacrum (Spider:3)
  An ettin simulacrum (Vaults:4)
  2 ice beasts (D:6)
  A jumping spider simulacrum (Spider:3)
  23 black bears
  12 wolves
  46 ogres
  3 necrophages
  3 phantoms
  27 centaurs
  12 bullfrogs
  3 cane toad simulacra
  8 scorpions
  A water moccasin zombie (D:5)
  A wyvern skeleton (D:7)
  Dowan (D:7)
  An elephant simulacrum (IceCv)
  A human simulacrum (Vaults:1)
  10 wights
  19 killer bees
  4 electric eels
  16 centaur zombies
  3 bullfrog zombies (D:6)
  3 hounds
  2 bullfrog skeletons
  A gnoll shaman (D:5)
  10 orc priests
  2 centaur skeletons (D:7)
  3 iguanas
  20 orc wizards
  5 hell rats (Lair:6)
  A polar bear simulacrum (Lair:4)
  A wolf simulacrum (Lair:4)
  2 killer bee zombies
  2 howler monkey zombies
  Robin (D:3)
  2 howler monkey skeletons
  3 gnolls (D:5)
  11 adders
  3 white imps
  An ufetubus (D:7)
  An adder zombie (D:5)
  2 adder skeletons (D:4)
  A worm (D:8)
  4 dart slugs
  46 orcs
  6 ball pythons
  9 bats
  7 endoplasms
  A giant cockroach (D:4)
  12 goblins
  7 hobgoblins
  9 jackals (D:2)
  11 kobolds
  3 quokkas
  2 ball python skeletons (Ossuary)
  7 frilled lizards
  A goblin zombie (D:5)
  A hobgoblin skeleton (Ossuary)
  2 kobold zombies (Ossuary)
  3 orc skeletons (Ossuary)
  A quokka zombie (D:5)
  3 rats
1530 creatures vanquished.

Vanquished Creatures (collateral kills)
  2 ugly things (D:14)
  A manticore (D:15)
  2 ice statues (IceCv)
  A vampire mosquito (D:15)
  A death yak simulacrum (IceCv)
7 creatures vanquished.

Vanquished Creatures (others)
  A stone giant (Spider:3)
  A hydra (Lair:3)
  A deep elf pyromancer (D:14)
  A jumping spider (Spider:2)
  A hornet (Spider:1)
  An orc wizard (Orc:2)
  An orc (Orc:2)
  36 fungi
  34 plants
77 creatures vanquished.

Grand Total: 1614 creatures vanquished

Notes
Turn   | Place    | Note
-------+----------+-------------------------------------------
     0 | D:1      | kuniqs the Vine Stalker Berserker began the quest for the
                  | Orb.
     0 | D:1      | Reached XP level 1. HP: 11/11 MP: 2/2
   152 | D:1      | Reached XP level 2. HP: 16/16 MP: 3/3
   817 | D:1      | Reached XP level 3. HP: 20/20 MP: 4/4
  1330 | D:2      | Reached ** piety under Trog
  1682 | D:2      | Gained mutation: Your natural rate of healing is unusually
                  | fast. [Vine Stalker growth]
  1682 | D:2      | Reached XP level 4. HP: 15/24 MP: 3/5
  1902 | D:2      | Found a faded altar of an unknown god.
  2279 | D:3      | Noticed Robin
  2307 | D:3      | Reached XP level 5. HP: 20/28 MP: 2/6
  2323 | D:3      | Killed Robin
  2452 | D:3      | Noticed Grinder
  2458 | D:3      | Killed Grinder
  2459 | D:3      | Reached XP level 6. HP: 33/33 MP: 7/7
  2744 | D:3      | Found a large runed translucent door.
  2744 | D:3      | Found a large runed translucent door.
  2745 | D:3      | Noticed murcat's ghost (amateur DESu)
  3337 | D:4      | Reached XP level 7. HP: 37/37 MP: 8/8
  3345 | D:4      | Found a staircase to the Ecumenical Temple.
  3348 | D:4      | Noticed Edmund
  3369 | D:4      | Killed Edmund
  3369 | D:4      | Reached *** piety under Trog
  3409 | Temple   | Entered the Ecumenical Temple
  3707 | D:4      | Reached skill level 1 in Shields
  3829 | D:4      | Gained mutation: You have razor-sharp teeth. [Vine Stalker
                  | growth]
  3829 | D:4      | Reached XP level 8. HP: 42/42 MP: 9/9
  4015 | D:5      | Entered Level 5 of the Dungeon
  4033 | D:5      | Reached skill level 2 in Shields
  4089 | D:5      | Noticed Menkaure
  4101 | D:5      | Reached skill level 5 in Fighting
  4101 | D:5      | Reached skill level 5 in Short Blades
  4102 | D:5      | Killed Menkaure
  4174 | D:5      | Reached skill level 3 in Shields
  4317 | D:5      | Found a sand-covered staircase.
  4325 | Ossuary  | Entered an ossuary
  4393 | Ossuary  | Reached XP level 9. HP: 36/47 MP: 7/10
  4678 | D:5      | Found a shimmering altar of Xom.
  4693 | D:5      | Reached **** piety under Trog
  4763 | D:5      | Reached skill level 5 in Dodging
  4778 | D:5      | Reached skill level 5 in Armour
  4948 | D:5      | Found a runed translucent door.
  5053 | D:6      | Reached skill level 4 in Shields
  5209 | D:6      | Found a runed translucent gate.
  5210 | D:6      | Found a runed translucent gate.
  5211 | D:6      | Found a runed translucent gate.
  5212 | D:6      | Noticed Voldus's ghost (novice DDFi)
  5212 | D:6      | Noticed Niezadowolencja's ghost (novice FoCj)
  5212 | D:6      | Noticed Dennis261's ghost (amateur TrFi)
  5212 | D:6      | Noticed floatboth's ghost (weakling DsDe)
  5212 | D:6      | Noticed weresquid's ghost (novice MiGl)
  5399 | D:6      | Reached XP level 10. HP: 53/53 MP: 11/11
  5945 | D:7      | Noticed a gargoyle
  5957 | D:7      | Noticed a brown ugly thing
  5968 | D:7      | Killed a gargoyle
  5974 | D:7      | Killed a brown ugly thing
  6003 | D:7      | Found an iron altar of Okawaru.
  6003 | D:7      | Found a radiant altar of Vehumet.
  6011 | D:7      | Found a broken altar of Ashenzari.
  6013 | D:7      | Found a bloodstained altar of Trog.
  6019 | D:7      | Found a faded altar of an unknown god.
  6079 | D:7      | Noticed Dowan
  6093 | D:7      | Killed Dowan
  6100 | D:7      | Noticed Duvessa
  6132 | D:7      | Killed Duvessa
  6436 | D:7      | Reached ***** piety under Trog
  6572 | D:7      | Identified the +4 scale mail of the Grue {-Tele rF+ rCorr
                  | Dex+2}
  7234 | D:8      | Reached XP level 11. HP: 42/59 MP: 8/12
  7581 | D:8      | Found a snail-covered altar of Cheibriados.
  7818 | D:9      | Found a staircase to the Lair.
  7818 | D:9      | Noticed a tengu warrior
  7844 | D:9      | Killed a tengu warrior
  7983 | D:9      | Found a staircase to the Orcish Mines.
  8122 | D:9      | Noticed a centaur warrior
  8141 | D:9      | Killed a centaur warrior
  8316 | D:9      | Found the +27 Lear's hauberk
  8489 | D:10     | Entered Level 10 of the Dungeon
  8604 | D:10     | Reached skill level 5 in Shields
  8667 | D:10     | Received a gift from Trog
  8947 | D:10     | Found Lejiqof's Changing Room.
  8959 | D:10     | Bought a potion of lignification for 45 gold pieces
  8998 | D:10     | Noticed a two-headed ogre
  9005 | D:10     | Killed a two-headed ogre
  9135 | D:10     | Noticed a red ugly thing
  9149 | D:10     | Killed a red ugly thing
  9271 | D:10     | Reached skill level 6 in Shields
  9543 | D:11     | Noticed a cyclops
  9552 | D:11     | Killed a cyclops
  9553 | D:11     | Reached XP level 12. HP: 52/65 MP: 10/13
  9609 | D:11     | Noticed a boulder beetle
  9753 | D:11     | Killed a boulder beetle
  9754 | D:11     | Reached skill level 7 in Shields
  9883 | D:11     | Noticed a two-headed ogre
  9891 | D:11     | Killed a two-headed ogre
 10099 | D:12     | Noticed a boulder beetle
 10119 | D:12     | Killed a boulder beetle
 10173 | D:12     | Reached skill level 8 in Shields
 10356 | D:12     | Identified the +3 leather armour of the Earth {rN+ Str+3
                  | Dex+2}
 10362 | D:12     | Noticed a two-headed ogre
 10369 | D:12     | Killed a two-headed ogre
 10832 | D:13     | Found a basalt altar of Yredelemnul.
 10843 | D:13     | Reached skill level 9 in Shields
 10843 | D:13     | Reached XP level 13. HP: 71/71 MP: 14/14
 10910 | D:13     | Reached skill level 10 in Fighting
 10949 | D:13     | Found Lupn's Magic Scroll Shoppe.
 10960 | D:13     | Bought a scroll of blinking for 82 gold pieces
 10960 | D:13     | Bought a scroll of magic mapping for 38 gold pieces
 10960 | D:13     | Bought a scroll of immolation for 38 gold pieces
 10960 | D:13     | Bought a scroll of identify for 22 gold pieces
 11040 | D:13     | Found Uciytem's Distillery.
 11043 | D:13     | Bought a potion of flight for 54 gold pieces
 11095 | D:13     | Found Oboemey's Assorted Antiques.
 11103 | D:13     | Bought a scroll of identify for 60 gold pieces
 11213 | D:13     | Found Ziskonlu's Antique Armour Shoppe.
 11248 | D:13     | Found Tajach's Antique Weapon Boutique.
 11652 | D:14     | Reached skill level 10 in Shields
 12438 | D:14     | Found a gate to the Vaults.
 12458 | D:14     | Identified a scroll of acquirement
 12488 | D:14     | Acquired a +4 ring of evasion
 12539 | D:15     | Entered Level 15 of the Dungeon
 12539 | D:15     | Noticed Rupert
 12569 | D:14     | Reached XP level 14. HP: 77/77 MP: 15/15
 12586 | D:15     | Killed Rupert
 12587 | D:15     | Reached skill level 11 in Shields
 13107 | D:15     | Reached skill level 10 in Dodging
 13160 | D:15     | Found Gyinex's Jewellery Emporium.
 13268 | D:15     | Found a staircase to the Depths.
 13277 | D:15     | Reached skill level 10 in Armour
 13531 | Orc:1    | Entered Level 1 of the Orcish Mines
 13676 | Orc:2    | Entered Level 2 of the Orcish Mines
 13684 | Orc:2    | Paralysed by an orc sorcerer for 7 turns
 13686 | Orc:2    | Noticed Donald
 13774 | Lair:1   | Entered Level 1 of the Lair of Beasts
 13994 | Lair:1   | Noticed Nergalle
 14000 | Lair:1   | Killed Nergalle
 14440 | Lair:2   | Found a runed translucent door.
 14472 | Lair:2   | Reached skill level 12 in Shields
 14498 | Lair:2   | Noticed Cato's ghost (journeyman DECj)
 14531 | Lair:2   | Killed Cato's ghost
 14639 | Lair:2   | Found a hole to the Spider Nest.
 14844 | Lair:2   | You fall into a shaft and drop 1 floor!
 14969 | Lair:3   | Received a gift from Trog
 15037 | Lair:2   | Reached XP level 15. HP: 83/83 MP: 16/16
 15188 | Lair:2   | Found a staircase to the Swamp.
 15361 | Lair:2   | Noticed Harold
 15373 | Lair:2   | Killed Harold
 15580 | Lair:3   | Identified the +8 mace of the Morning {vorpal, +Rage Str-5
                  | Int+8}
 16107 | Lair:3   | Found a runed translucent door.
 16257 | Lair:4   | Found a gate leading to a gauntlet.
 16261 | Gauntlet | Entered a Gauntlet
 16261 | Gauntlet | Found a transporter.
 16261 | Gauntlet | Found a transporter.
 16263 | Gauntlet | Found a transporter.
 16267 | Gauntlet | Found a transporter.
 16267 | Gauntlet | Found a transporter.
 16281 | Gauntlet | Found a transporter.
 16293 | Gauntlet | Found a transporter.
 16297 | Gauntlet | Found a transporter.
 16315 | Gauntlet | Found a transporter.
 16322 | Gauntlet | Found a transporter.
 16336 | Gauntlet | Found a transporter.
 16340 | Gauntlet | Found a transporter.
 16398 | Gauntlet | Identified the amulet "Fuel" {Reflect Will+ Int+2 SH+5}
 16505 | Gauntlet | Identified the +0 pair of gloves "Xaheirae" {Dex+5}
 16607 | Lair:4   | Identified the -7 cloak "Udafodgh" {rF- Will++ Dex+5}
 16628 | Lair:4   | Found a frozen archway.
 16649 | IceCv    | Entered an ice cave
 16650 | IceCv    | Found a transporter.
 16653 | IceCv    | Received a gift from Trog
 16655 | IceCv    | Reached skill level 13 in Shields
 16682 | IceCv    | Found a transporter.
 16715 | IceCv    | Identified the ring "Icoamn" {rC+ rN++ Int+5 Dex-2}
 18294 | Lair:6   | Entered Level 6 of the Lair of Beasts
 18303 | Lair:6   | Received a gift from Trog
 18327 | Lair:6   | Reached XP level 16. HP: 88/88 MP: 17/17
 18442 | Lair:6   | Found a runed translucent door.
 18442 | Lair:6   | Found a viscous altar of Jiyva.
 18444 | Lair:6   | Noticed an acid blob
 18633 | Lair:6   | Reached skill level 14 in Shields
 19192 | Lair:6   | Fell from the grace of Trog
 19277 | Lair:6   | Noticed an acid blob
 19281 | Lair:6   | Found a staircase to the Slime Pits.
 19282 | Lair:6   | Noticed an acid blob
 19978 | Temple   | Became a worshipper of Uskayaw the Reveller
 20089 | Orc:1    | Reached * piety under Uskayaw
 20092 | Orc:1    | Reached ** piety under Uskayaw
 20097 | Orc:1    | Reached *** piety under Uskayaw
 20098 | Orc:1    | Killed Donald
 20126 | Orc:1    | Reached skill level 1 in Invocations
 20159 | Orc:2    | Reached **** piety under Uskayaw
 20212 | Orc:2    | Found Yrumou's Assorted Antiques.
 20275 | Orc:2    | Found a staircase to the Elven Halls.
 20399 | Orc:1    | Reached ***** piety under Uskayaw
 20527 | Orc:1    | Noticed Jorgrun
 20551 | Orc:1    | Killed Jorgrun
 20551 | Orc:1    | Reached ****** piety under Uskayaw
 21221 | Orc:2    | Reached XP level 17. HP: 94/94 MP: 20/20
 21292 | Orc:2    | Found Tuxor's Distillery.
 21379 | Orc:2    | Found Utre Hal's Assorted Antiques.
 21382 | Orc:2    | Found Iwauz's Antique Armour Boutique.
 21389 | Orc:2    | Bought 3 scrolls of teleportation for 351 gold pieces
 21391 | Orc:2    | Found Nomado's Weapon Emporium.
 21563 | Orc:2    | Bought a bronze plate armour for 1036 gold pieces
 21563 | Orc:2    | Identified the +9 plate armour of the Desert {Rampage
                  | rPois} (You bought it in a shop on level 2 of the Orcish
                  | Mines)
 21728 | Spider:1 | Entered Level 1 of the Spider Nest
 21767 | Spider:1 | Reached skill level 15 in Shields
 21905 | Spider:1 | Reached skill level 5 in Invocations
 22954 | Spider:2 | Noticed Aizul
 22996 | Spider:2 | Killed Aizul
 24108 | Spider:2 | Identified the +2 chain mail of Yredelemnul's Reproof {rF++
                  | Int-5}
 24247 | Spider:2 | Paralysed by Trog for 7 turns
 24640 | Spider:3 | Reached skill level 1 in Stealth
 24644 | Spider:3 | Noticed Bai Suzhen
 24649 | Spider:3 | Killed Bai Suzhen
 24650 | Spider:3 | Reached XP level 18. HP: 79/100 MP: 15/24
 24873 | Spider:3 | Found a runed translucent door.
 25441 | Spider:3 | Found a runed translucent gate.
 25441 | Spider:3 | Found a runed translucent gate.
 25441 | Spider:3 | Found a runed translucent gate.
 25448 | Spider:3 | Noticed lawnmower's ghost (adept MiFi)
 25486 | Spider:3 | Killed lawnmower's ghost
 25726 | Spider:3 | Reached skill level 16 in Shields
 25774 | Spider:3 | Identified the +1 plate armour of Absence {Dex+2}
 25834 | Spider:4 | Entered Level 4 of the Spider Nest
 26185 | Spider:4 | Noticed Arachne
 26205 | Spider:4 | Killed Arachne
 26206 | Spider:4 | Reached skill level 5 in Stealth
 26671 | Spider:4 | Reached XP level 19. HP: 105/105 MP: 27/27
 26939 | Spider:4 | Got a gossamer rune of Zot
 27507 | Vaults:1 | Entered Level 1 of the Vaults
 27565 | D:13     | Bought a scroll of enchant armour for 82 gold pieces
 27565 | D:13     | Bought a scroll of enchant armour for 82 gold pieces
 28024 | Vaults:1 | Reached skill level 10 in Invocations
 28230 | Vaults:1 | You fall into a shaft and drop 1 floor!
 28322 | Vaults:2 | Found a portal to a secret trove of treasure.
 28900 | Vaults:1 | Found Rupookya's Weapon Boutique.
 29044 | Vaults:1 | Reached skill level 17 in Shields
 29180 | Vaults:1 | Reached XP level 20. HP: 111/111 MP: 29/29
 29743 | Vaults:2 | Found a radiant altar of Vehumet.
 29799 | Vaults:2 | Identified the +2 hat of Wogiek {-Cast rF+ Will++ rCorr}
 29801 | Vaults:2 | Identified the +2 hat of Quacsooq {Rampage Str+3 Slay+3}
 29818 | Vaults:2 | Identified the +0 robe of the Saviour {Str+2 Int+4}
 29822 | Vaults:2 | Identified the +0 hat of Claustrophobia {Rampage rCorr
                  | Str+2 Slay-3}
 29843 | Vaults:2 | Identified the +1 hat "Ecuusua" {Drain rC+ Will+++}
 30613 | Vaults:3 | Noticed Jory
 30649 | Vaults:3 | Killed Jory
 30670 | Vaults:3 | Identified the +3 broad axe of the Ghost {flame, MP+9
                  | Dex+4}
 30921 | Vaults:3 | Reached XP level 21. HP: 113/116 MP: 31/31
 31022 | Vaults:3 | Was forgiven by Trog
 31156 | Vaults:3 | Found a staircase to the Crypt.
 31156 | Vaults:3 | Found a basalt altar of Yredelemnul.
 31156 | Vaults:3 | Found an ancient bone altar of Kikubaaqudgha.
 31394 | Vaults:3 | Reached skill level 18 in Shields
 31552 | Vaults:3 | Noticed Margery
 31567 | Vaults:3 | Killed Margery
 32037 | Vaults:4 | Reached skill level 15 in Dodging
 32046 | Vaults:4 | Reached skill level 15 in Fighting
 32448 | Vaults:4 | Reached XP level 22. HP: 122/122 MP: 33/33
 32775 | Vaults:4 | Found a gateway to a bazaar.
 33076 | Vaults:4 | Found a huge runed gate.
 33076 | Vaults:4 | Found a huge runed gate.
 33078 | Vaults:4 | Found a huge runed gate.
 33078 | Vaults:4 | Found a huge runed gate.
 33080 | Vaults:4 | Found a huge runed gate.
 33154 | Vaults:4 | Found a huge runed gate.
 33154 | Vaults:4 | Found a huge runed gate.
 33155 | Vaults:4 | Found a huge runed gate.
 33156 | Vaults:4 | Found a huge runed gate.
 33156 | Vaults:4 | Found a huge runed gate.
 33157 | Vaults:4 | Found a huge runed gate.
 33158 | Vaults:4 | Found a huge runed gate.
 33159 | Vaults:4 | Found a huge runed gate.
 33160 | Vaults:4 | Found a huge runed gate.
 33161 | Vaults:4 | Found a huge runed gate.
 33162 | Vaults:4 | Found a huge runed gate.
 33191 | Vaults:4 | Found a huge runed gate.
 33191 | Vaults:4 | Found a huge runed gate.
 33191 | Vaults:4 | Found a huge runed gate.
 33191 | Vaults:4 | Found a huge runed gate.
 33191 | Vaults:4 | Found a huge runed gate.
 33191 | Vaults:4 | Found a huge runed gate.
 33192 | Vaults:4 | Found a huge runed gate.
 33272 | Vaults:4 | Found a huge runed gate.
 33272 | Vaults:4 | Found a huge runed gate.
 33278 | Vaults:4 | Found a huge runed gate.
 33278 | Vaults:4 | Found a huge runed gate.
 33278 | Vaults:4 | Found a huge runed gate.
 33278 | Vaults:4 | Found a huge runed gate.
 33278 | Vaults:4 | Found a huge runed gate.
 33278 | Vaults:4 | Found a huge runed gate.
 33279 | Vaults:4 | Found a huge runed gate.
 33280 | Vaults:4 | Found a huge runed gate.
 33281 | Vaults:4 | Found a huge runed gate.
 33289 | Vaults:4 | Found a huge runed gate.
 33289 | Vaults:4 | Found a huge runed gate.
 33322 | Vaults:4 | Killed from afar by a hellephant

Illustrated notes

Levels and vault maps discovered:
D:1:      dpeg_arrival_radiant, layout_basic,
          hangedman_abyss_or_decor_lesser_grid
D:2:      wander_river, layout_basic,
          dreamdust_ecumenical_altar_hidden_monk_grotto
D:3:      minmay_skewed_foursquare, layout_basic, ebering_ghost_disaster_area,
          uniq_grinder, uniq_robin
D:4:      layout_loops_cross, minmay_temple_entry_large_hall,
          supply_closet_lemuel, uniq_edmund
D:5:      layout_rooms, mainiacjoe_overflow_surrounded_room, enter_ossuary_4,
          serial_park_tiny_pond, chequers_serial_rivers_small_b,
          lightli_church_of_beogh, uniq_menkaure
D:6:      layout_loops_ring, gammafunk_ghost_cemetery
D:7:      nzn_winding_woodlands_three_and_one
          [nzn_winding_woodlands_5x15_default, nzn_winding_woodlands_5x15_eye,
          nzn_winding_woodlands_5x15_river_crossing,
          nzn_winding_woodlands_center_pierced_h], layout_loops_corners,
          chequers_temple_overflow_minitemple,
          hangedman_abyss_or_decor_jellyfish_corner, hangedman_decor_push,
          kennysheep_generic_room_16, uniq_duvessa
D:8:      layout_loops_ring, chei_slow_surprise
D:9:      layout_gridville, lair_entry_dummy, orc_0_dummy,
          hellmonk_guarded_unrand_lears
D:10:     layout_basic, nicolae_transmutations_shop
D:11:     layout_basic
D:12:     layout_roguey
D:13:     layout_loops_ring, serial_shops, shop, kennysheep_mini,
          nicolae_take_the_stairs, nicolae_shop_statue_plus,
          nicolae_square_shop, nicolae_yredelemnul_corpse_copse
D:14:     layout_rooms, david_vaults_1, chequers_serial_rivers_room_a
D:15:     gammafunk_enter_depths_forms, layout_rooms, serial_shops,
          nicolae_shop_crystal, fountainhead, uniq_rupert
Temple:   eino_temple_scatter_basement
Lair:1:   layout_regular_city, uniq_nergalle
Lair:2:   layout_regular_city, nicolae_swamp_entry_splash_gauntlet,
          spider_nest_entry_rubble, ebering_ghost_reflecting_pool,
          minmay_lair_oklob_chamber, uniq_harold
Lair:3:   layout_gridlike, pf_torpor_hydra
Lair:4:   layout_cave_pods, portal_ice_cave_entry_ice_simulacra,
          gauntlet_entry_generic
Lair:5:   layout_loops_ring, cheibrodos_lair_reptile_den, grunt_megastairs_5
Lair:6:   grunt_lair_end_beastmaster, layout_layer_cave, slime_altar_2,
          lemuel_fruit_tree, grunt_megastairs_2
Spider:1: layout_spider_delve, guppyfry_spider_mini_1
Spider:2: spiders_nest_scorpion_pit, beargit_elvish_explorers, uniq_aizul
Spider:3: cheibrodos_spider_deadly_dance, gammafunk_ghost_necromancy,
          nicolae_spider_rock_and_or_roll, uniq_bai_suzhen
Spider:4: johnstein_spider_rune_arachne_lair, drop_trap
Orc:1:    layout_caves, uniq_jorgrun
Orc:2:    st_orc_open, layout_caves, serial_shops,
          nicolae_shop_temple_entry_statues_fountains, uniq_donald
Vaults:1: nicolae_vaults_big_ls, vaults_mumra_chevron_long,
          dpeg_vaults_monster_row, ontoclasm_vaults_bender,
          nicolae_vaults_angled_halls, vaults_room_fours,
          nicolae_vaults_mini_display_case, layout_vaults_chaotic_city,
          serial_shops, shop
Vaults:2: ontoclasm_vaults_tryst, v_alt_pattern_4, v_misc_30,
          grunt_tower_of_power, vaults_dpeg_hooks, v_misc_15, v_misc_16,
          ontoclasm_vaults_eye, v_misc_11, nicolae_vaults_diagonal_hallway_7,
          hangedman_vaults_nails, ontoclasm_vaults_loading_screen,
          layout_vaults_ring, nicolae_trove_entry_isolated
Vaults:3: minmay_crypt_entry_necro_gods, nicolae_vaults_ninety_degrees,
          ontoclasm_vaults_shout, v_pattern_4, vaults_room_pools, v_misc_11,
          v_rooms_3, nicolae_vaults_alarming, nicolae_vaults_theta,
          nicolae_vaults_network_quinsquares
          [nicolae_vaults_network_quincunx_subvault,
          nicolae_vaults_network_quincunx_subvault,
          nicolae_vaults_network_quincunx_subvault,
          nicolae_vaults_network_quincunx_subvault],
          nicolae_vaults_little_squares_2, layout_vaults_omnicross, uniq_jory,
          uniq_margery
Vaults:4: nicolae_vaults_arrows, nicolae_vaults_yaktaur_gun_rack, v_misc_25,
          vaults_not_door_vault_due, ontoclasm_vaults_pinch,
          nicolae_vaults_little_squares_5, ontoclasm_vaults_loading_screen,
          vaults_mumra_hex, hangedman_vaults_slither, v_alt_pattern_3,
          hangedman_vaults_maws, nicolae_vaults_stairing_the_circle, v_misc_24,
          nicolae_vaults_little_ls, vaults_dpeg_ring, layout_vaults_maze,
          serial_shops, bzr_entry_customers

Skill      XL: |  1  2  3  4  5  6  7  8  9 10 11 12 13 14 15 16 17 18 19 20 21 22 |
---------------+-------------------------------------------------------------------+-----
Fighting       | 3 4 5 6 7 8 9 10 11 12 13 14 15 | 15.4
Short Blades   | 3 4 5 6 7 8 |  8.0
Armour         | 2 3 4 5 6 7 8 9 10 11 12 13 14 | 14.2
Dodging        | 2 3 4 5 6 7 8 9 10 11 12 13 14 15 | 15.6
Shields        | 1 3 4 6 9 10 12 13 14 15 16 17 18 | 18.8
Invocations    | 3 7 9 11 12 13 14 | 14.5
Stealth        | 1 5 7 8 |  8.0

Action                   |  1- 3 |  4- 6 |  7- 9 | 10-12 | 13-15 | 16-18 | 19-21 | 22-24 || total
-------------------------+-------+-------+-------+-------+-------+-------+-------+-------++-------
Melee: Short sword       |    99 |   143 |   304 |   760 |   882 |       |       |       ||  2188
       Bite              |    23 |    37 |   125 |   313 |   606 |  1086 |   883 |   110 ||  3183
       Dagger            |       |       |       |       |   339 |    26 |       |       ||   365
       Quick blade       |       |       |       |       |       |  1911 |  1402 |   186 ||  3499
Throw: Throwing net      |       |       |       |       |       |       |     1 |       ||     1
Invok: Berserk           |     4 |     5 |     8 |    16 |    18 |     2 |       |       ||    53
       Trog's Hand       |     1 |     1 |       |       |       |       |       |       ||     2
       Brothers in Arms  |       |       |       |       |     4 |       |       |       ||     4
       Line Pass         |       |       |       |       |       |     2 |       |       ||     2
       Renounce Religion |       |       |       |       |       |     1 |       |       ||     1
       Grand Finale      |       |       |       |       |       |     5 |       |     1 ||     6
       Stomp             |       |       |       |       |       |       |     1 |       ||     1
Evoke: Wand              |       |       |       |     4 |     1 |     6 |       |       ||    11
  Use: Scroll            |       |     3 |     3 |     5 |    15 |    17 |     7 |     1 ||    51
       Potion            |       |       |       |     4 |       |     2 |       |       ||     6
 Stab: Sleeping          |     2 |       |       |       |       |       |       |       ||     2
       Distracted        |       |     1 |       |       |       |     1 |       |       ||     2
       Invisible         |       |       |       |     2 |       |       |       |       ||     2
       Paralysed         |       |       |       |       |       |   101 |   151 |    25 ||   277
       Petrified         |       |       |       |       |       |     5 |       |       ||     5
       Petrifying        |       |       |       |       |       |     2 |       |       ||     2
Armor: Animal skin       |    12 |    13 |       |       |       |       |       |       ||    25
       Leather armour    |       |    10 |    71 |    49 |       |       |       |       ||   130
       Chain mail        |       |       |     2 |   342 |   480 |   199 |       |       ||  1023
       Scale mail        |       |       |       |     9 |       |       |       |       ||     9
       Plate armour      |       |       |       |       |       |   240 |   117 |    14 ||   371
Dodge: Dodged            |    66 |    83 |   176 |   337 |   417 |   523 |   173 |    17 ||  1792
Block: Buckler           |       |     1 |    51 |    49 |       |       |       |       ||   101
       Kite shield       |       |       |       |   546 |   878 |       |       |       ||  1424
       Reflection        |       |       |       |    34 |    31 |    13 |   100 |     5 ||   183
       Tower shield      |       |       |       |       |   364 |  1920 |  1027 |   114 ||  3425
